 Dungeon Crawl Stone Soup version 0.18.1-8-gdd0e5ea (webtiles) character file.

75 Hipnos the Firebug (level 4, -8/24 HPs)
             Began as a Gargoyle Fire Elementalist on May 22, 2016.
             Mangled by Grinder (9 damage)
             ... on level 3 of the Dungeon.
             The game lasted 00:08:11 (2415 turns).

Hipnos the Firebug (Gargoyle Fire Elementalist)     Turns: 2415, Time: 00:08:13

Health: -8/24      AC:  5    Str: 11    XL:     4   Next: 31%
Magic:  2/8        EV: 12    Int: 17    God:
Gold:   134        SH:  0    Dex: 10    Spells: 3 memorised, 2 levels left

rFire  . . .     SeeInvis .     k - +0 dagger
rCold  . . .     Gourm    .     a - +0 robe
rNeg   + . .     Faith    .     (no shield)
rPois  ∞         Spirit   .     (no helmet)
rElec  +         Dismiss  .     (no cloak)
rCorr  .         Reflect  .     (no gloves)
SustAt .         Harm     .     (no boots)
MR     .....                    (no amulet)
Stlth  ++........               (no ring)
                                u - ring of poison resistance

@: about to teleport, very slightly contaminated, not resistant to hostile
enchantments, unstealthy
A: negative energy resistance 1, electricity resistance, unbreathing,
petrification resistance, rot immunity, AC +3
a: no special abilities


You were on level 3 of the Dungeon.
You were not hungry.

You visited 1 branch of the dungeon, and saw 3 of its levels.

You collected 134 gold pieces.

Inventory:

Hand Weapons
 k - a +0 dagger (weapon)
Armour
 a - a +0 robe (worn)
Jewellery
 u - a ring of poison resistance (left hand)
Scrolls
 e - 3 scrolls of remove curse {unknown}
 h - 8 scrolls of identify {unknown}
 i - 2 scrolls of immolation {unknown}
 o - a scroll of recharging {unknown}
 p - a scroll of magic mapping {unknown}
 q - a scroll of amnesia {unknown}
 t - a scroll of enchant weapon {unknown}
 w - a scroll of fear {unknown}
Potions
 f - a potion of mutation {unknown}
 j - a potion of magic {unknown}
 r - 2 potions of brilliance {unknown}
 s - 3 potions of flight {unknown}
 v - a potion of haste {unknown}
Books
 b - a book of Flames

   Spells                             Type                      Level
   a - Flame Tongue                   Conjuration/Fire             1
   b - Throw Flame                    Conjuration/Fire             2
   c - Conjure Flame                  Conjuration/Fire             3
   d - Inner Flame                    Hexes/Fire                   3
   e - Sticky Flame                   Conjuration/Fire             4
   f - Fireball                       Conjuration/Fire             5
Comestibles
 c - 3 bread rations
 g - a meat ration
 l - 2 fruits
 m - 2 beef jerkies
 n - 2 chunks of flesh


   Skills:
 + Level 0.2 Fighting
 + Level 0.1 Short Blades
 - Level 1.5 Dodging
 - Level 2.1 Stealth
 + Level 2.8 Spellcasting
 + Level 2.2 Conjurations
 + Level 3.9 Fire Magic


You had 2 spell levels left.
You knew the following spells:

 Your Spells              Type           Power        Failure   Level  Hunger
a - Flame Tongue          Conj/Fire      ##...        6%          1    #......
b - Throw Flame           Conj/Fire      ##....       10%         2    ##.....
c - Conjure Flame         Conj/Fire      ##......     17%         3    ###....


Dungeon Overview and Level Annotations

Branches:
Dungeon (3/15)

Altars:

Annotations:
D:3 Grinder


Innate Abilities, Weirdness & Mutations

You are resistant to torment.
Your stone body is resilient (AC +3).
You are immune to poison.
You resist negative energy.
You are resistant to electric shocks.
You can survive without breathing.
You are immune to petrification.
You are immune to rotting.


Message History

You miscast Flame Tongue.
Nothing appears to happen.
Grinder gestures at you. You resist with significant effort.
Casting: Flame Tongue
Confirm with . or Enter, or press ? or * to list all spells.
Aiming: Flame Tongue
Press: ? - help, Shift-Dir - straight line, f/p - Grinder
Aim: Grinder (moderately wounded, unusually strong)
The flame tongue hits Grinder.
Grinder appears unharmed.
Grinder is moderately wounded.
Grinder hits you!
Ouch! That really hurt!
Grinder hits you!
* * * LOW HITPOINT WARNING * * *
Read which item? (? for menu, Esc to quit)
As you read the scroll labeled YXUYCZAIHU, it crumbles to dust.
You feel strangely unstable.
It was a scroll of teleportation.
Grinder says, "There's only one good use for a tongue: cutting it out."
Grinder hits you!
You die...

....... .......
....... #
####.b..... #.
#.. .......
#.###.##.......
###......†.......
#......5##.......
#.####@.##.......
#.#.######..
##.###.## . #.#
##.# #..###.## #
#.#.## #.##.#..##
#......<#
####.......+


You could see Grinder.

Vanquished Creatures
  2 adders (D:2)
  A worm (D:2)
  3 giant geckos
  A giant cockroach (D:1)
  5 hobgoblins
  8 jackals
  2 ball pythons
  5 bats
  2 giant newts (D:2)
  9 goblins
  6 kobolds
  6 rats
50 creatures vanquished.

Notes
Turn   | Place    | Note
--------------------------------------------------------------
     0 | D:1      | Hipnos the Gargoyle Fire Elementalist began the quest for the Orb.
     0 | D:1      | Reached XP level 1. HP: 10/10 MP: 3/3
   467 | D:1      | Reached XP level 2. HP: 15/15 MP: 0/5
  1341 | D:2      | Reached XP level 3. HP: 19/19 MP: 4/6
  1856 | D:2      | Reached XP level 4. HP: 24/24 MP: 4/8
  2203 | D:2      | Learned a level 2 spell: Throw Flame
  2207 | D:2      | Learned a level 3 spell: Conjure Flame
  2401 | D:3      | Noticed Grinder
  2413 | D:3      | HP: 1/24 [Grinder (10)]
  2415 | D:3      | Mangled by Grinder

Skill      XL: |  1  2  3 |
---------------+----------+-----
Conjurations   | 2 |  2.2
Fighting       | |  0.2
Short Blades   | |  0.1
Dodging        | |  1.5
Stealth        | |  2.1
Spellcasting   | |  2.8
Fire Magic     | |  3.9

Action                   |  1- 3 |  4- 6 || total
-------------------------+-------+-------++-------
Melee: Unarmed           |    39 |       ||    39
       Dagger            |    29 |    28 ||    57
 Cast: Flame Tongue      |    64 |    23 ||    87
  Use: Scroll            |       |     1 ||     1
 Stab: Sleeping          |     1 |     1 ||     2
  Eat: Chunk             |     4 |     2 ||     6
Armor: Robe              |    29 |    17 ||    46
Dodge: Dodged            |    77 |    24 ||   101
